 Dungeon Crawl Stone Soup version 0.31.0-32-g396128a36d (webtiles) character file.

Game seed: 5456071861750641625

6304 Doot the Thaumaturge (level 10, -7/63 HPs)
             Began as an Octopode Conjurer on Mar 15, 2024.
             Was a Priest of Sif Muna.
             Mangled by a shadow (25 damage)
             ... on level 10 of the Dungeon.
             The game lasted 00:20:45 (11340 turns).

Doot the Thaumaturge (Octopode Conjurer)           Turns: 11340, Time: 00:20:48

Health: -7/63      AC:  1    Str:  8    XL:     10   Next: 95%
Magic:  19/23      EV: 19    Int: 24    God:    Sif Muna [***...]
Gold:   468        SH:  0    Dex: 10    Spells: 12/27 levels left

rFire   + . .        a - staff of conjuration
rCold   + . .        (no shield)
rNeg    . . .        (helmet restricted)
rPois   .            (no amulet)
rElec   .            s - ring of protection from fire
rCorr   +            f - +5 ring of evasion
SInv    .            y - ring of protection from cold
Will    .....        I - ring of resist corrosion
Stlth   +++++        (no ring)
HPRegen 0.30/turn    (no ring)
MPRegen 0.18/turn    (no ring)
                     (no ring)

%: no passive effects
@: no status effects
A: almost no armour, amphibious, 8 rings, camouflage 1, gelatinous body 1,
(nimble swimmer 1), tentacles
a: Renounce Religion, Channel Magic, Forget Spell


You were on level 10 of the Dungeon.
You worshipped Sif Muna.
Sif Muna was most pleased with you.
You visited 1 branch of the dungeon, and saw 10 of its levels.
You also visited: Ossuary.

You collected 468 gold pieces.

Inventory:

Hand Weapons
 b - a +4 dagger
 l - a +0 whip
 A - a +2 falchion of holy wrath
 B - a +1 short sword of electrocution
Missiles
 D - 8 poisoned darts (quivered)
Magical Staves
 a - a staff of conjuration (weapon)
 c - a staff of fire
Jewellery
 f - a +5 ring of evasion (right tentacle)
 s - a ring of protection from fire (left tentacle)
 y - a ring of protection from cold (on tentacle)
 I - a ring of resist corrosion (on tentacle)
Wands
 w - a wand of polymorph (11)
 z - a wand of mindburst (11)
 L - a wand of flame (14)
 O - a wand of paralysis (3)
Scrolls
 d - 4 scrolls of vulnerability {unknown}
 h - a scroll of torment {unknown}
 i - a scroll of enchant armour {unknown}
 k - 3 scrolls of teleportation {unknown}
 m - 9 scrolls of identify {unknown}
 n - a scroll of amnesia {unknown}
 o - a scroll of fear {unknown}
 q - a scroll of acquirement {unknown}
 t - 2 scrolls of blinking {unknown}
 v - 3 scrolls of butterflies {unknown}
 G - 3 scrolls of enchant weapon {unknown}
 M - a scroll of fog {unknown}
 N - 2 scrolls of poison {unknown}
Potions
 e - 2 potions of lignification {unknown}
 g - a potion of experience {unknown}
 j - 8 potions of curing {unknown}
 p - 3 potions of heal wounds {unknown}
 r - 4 potions of brilliance {unknown}
 u - 3 potions of cancellation {unknown}
 x - 3 potions of ambrosia {unknown}
 E - 3 potions of attraction {unknown}
 F - 2 potions of mutation {unknown}
 H - a potion of enlightenment {unknown}
 J - a potion of degeneration {unknown}
 K - a potion of resistance {unknown}


   Skills:
 + Level 3.4 Fighting
 + Level 3.6 Short Blades
 + Level 0.2 Staves
 + Level 1.1 Throwing
 + Level 5.6 Dodging
 + Level 8.7 Stealth
 * Level 9.0 Spellcasting
 + Level 7.8 Conjurations
 + Level 1.7 Translocations
 + Level 2.7 Alchemy
 - Level 5.0 Invocations


You had 12 spell levels left.
You knew the following spells:

 Your Spells              Type           Power      Damage    Failure   Level
a - Magic Dart            Conj           100%       1d8       1%          1
b - Searing Ray           Conj           100%       2d8       1%          2
c - Iskenderun's Mystic   Conj/Tloc      50%        2d11      9%          4
d - Blink                 Tloc           38%        N/A       4%          2
e - Fulminant Prism       Conj/Alch      26%        3d13      7%          4
f - Momentum Strike       Conj/Tloc      100%       3d10      1%          2

Your spell library contained the following spells:

 Spells                   Type           Power      Damage    Failure   Level
 Sting                    Conj/Alch      100%       1d9       1%          1
 Apportation              Tloc           38%        N/A       3%          1
 Lesser Beckoning         Tloc           38%        N/A       4%          2
 Necrotise                Necr           40%        1d6       6%          1
 Summon Small Mammal      Summ           40%        N/A       6%          1
 Call Imp                 Summ           20%        N/A       9%          2
 Ozocubu's Armour         Ice            10%        N/A       17%         3
 Metabolic Englaciation   Hex/Ice        5%         N/A       85%         5
 Sculpt Simulacrum        Ice/Alch       8%         N/A       99%         6


Dungeon Overview and Level Annotations

Branches:
Dungeon (10/15)            Temple (0/1) D:7         Ossuary (visited)
   Lair: D:8-11         Orc: D:9-12

Altars:
Gozag
Kikubaaqudgha
Sif Muna
Trog
Wu Jian
Zin

Shops:
D:4 [

Annotations:
D:6 1 exclusion


Innate Abilities, Weirdness & Mutations

You cannot wear most types of armour.
You are amphibious.
You can wear up to eight rings at the same time.
Your skin changes colour to match your surroundings (Stealth+).
Your rubbery body absorbs attacks. (AC +1, EV +1)
((You are camouflaged when in or above water. (Stealth+)))
You have tentacles for arms and can constrict up to eight enemies at once.


Message History

The centaur warrior zombie kicks you.
* * * LOW HITPOINT WARNING * * *
Casting: Iskenderun's Mystic Blast (dangerous; 9% risk of failure)
Confirm with . or Enter, or press ? or * to list all spells.
You feel a surge of power!
You erupt in a blast of force!
The mystic blast hits the centaur warrior zombie!
The centaur warrior zombie is severely damaged.
The centaur warrior zombie is knocked back by the mystic blast.
The centaur warrior zombie collides with the centaur warrior zombie!
You destroy the centaur warrior zombie!
Sif Muna accepts your kill.
The centaur warrior zombie is severely damaged.
Your Spellcasting skill increases to level 9!
Unknown command.
Unknown command.
Aiming: Polymorph
Press: ? - help, Shift-Dir - straight line, f - you
Okay, then.
Unknown command.
Aiming: Paralyse
Press: ? - help, Shift-Dir - straight line, f - centaur warrior zombie
Aim: a centaur warrior zombie (severely damaged, chance to affect: 54%)
The centaur warrior zombie resists with significant effort.
The centaur warrior zombie misses you. The centaur warrior zombie kicks you.
* * * LOW HITPOINT WARNING * * *
Aiming: Paralyse
Press: ? - help, Shift-Dir - straight line, f/p - centaur warrior zombie
Aim: a centaur warrior zombie (severely damaged, chance to affect: 54%)
The centaur warrior zombie suddenly stops moving!
Magic courses through your body.
Casting: Iskenderun's Mystic Blast (dangerous; 9% risk of failure)
Confirm with . or Enter, or press ? or * to list all spells.
Aiming: Fulminant Prism (dangerous; 7% risk of failure)
Press: ? - help, Dir - move target, p - centaur warrior zombie You feel a surge of power!
You conjure a prism of explosive energy!
A fulminant prism comes into view.
The howler monkey zombie hits your fulminant prism.
The shadow strikes at you from the darkness!
You die...

#......###
#........##
#.........#
#W..###...# #.Z.#
#...# #*Z#####.##
#..###...#
#..##....##
#.@##.....##
#####......##
#........##
#.........#
#.........####
#...........#.###
#...............#
#................
##...............


You could see a wraith, a centaur warrior zombie (paralysed), a howler monkey
zombie (ally target) and a friendly fulminant prism.

Vanquished Creatures
  A two-headed ogre (D:9)
  A centaur zombie (D:10)
  Maggie (D:8)
  A shadow (D:6)
  A meliai zombie (D:10)
  7 yaks
  Menkaure (D:5)
  A water moccasin (D:8)
  2 ice beasts (D:6)
  A black bear (D:4)
  An orc warrior (D:6)
  5 ogres
  2 phantoms
  2 centaurs
  2 kobold brigands
  4 bullfrogs
  2 scorpions (D:6)
  10 wights
  3 electric eels (D:6)
  3 howler monkeys
  6 hounds
  A jelly (D:5)
  2 bombardier beetles
  5 orc priests
  A spectral scorpion (Ossuary)
  A sleepcap (D:5)
  A centaur skeleton (Ossuary)
  Natasha (thrice) (D:3)
  4 iguanas
  5 orc wizards
  A crocodile zombie (Ossuary)
  11 mummies (Ossuary)
  7 adders
  A white imp (D:6)
  2 ufetubi
  5 ribbon worms
  5 dart slugs
  24 orcs
  4 endoplasms
  2 giant cockroaches
  6 goblins
  6 hobgoblins
  3 jackals (D:4)
  18 kobolds
  6 quokkas
  5 ball pythons
  5 bats
  A frilled lizard (D:1)
  2 gnoll skeletons (Ossuary)
  5 kobold skeletons (Ossuary)
  4 rats
  10 spectral rats (Ossuary)
213 creatures vanquished.

Vanquished Creatures (others)
  18 fulminant prisms
18 creatures vanquished.

Grand Total: 231 creatures vanquished

Notes
Turn   | Place    | Note
-------+----------+-------------------------------------------
     0 | D:1      | Doot the Octopode Conjurer began the quest for the Orb.
     0 | D:1      | Reached XP level 1. HP: 11/11 MP: 3/3
     6 | D:1      | Noticed a polar bear
     6 | D:1      | Noticed an anaconda
     6 | D:1      | Noticed a snapping turtle
     7 | D:1      | Noticed a hog
     7 | D:1      | Noticed a swamp worm
   130 | D:1      | Reached XP level 2. HP: 17/17 MP: 0/5
   200 | D:1      | Learned a level 2 spell: Searing Ray
  1325 | D:2      | Reached XP level 3. HP: 14/21 MP: 1/6
  1624 | D:2      | Found an ancient bone altar of Kikubaaqudgha.
  2038 | D:3      | Noticed Natasha
  2042 | D:3      | Killed Natasha
  2043 | D:3      | Reached XP level 4. HP: 16/27 MP: 2/7
  2118 | D:3      | Reached skill level 5 in Conjurations
  2301 | D:3      | Noticed Natasha
  2310 | D:3      | Killed Natasha
  2422 | D:3      | Reached skill level 1 in Short Blades
  2422 | D:3      | Reached XP level 5. HP: 31/31 MP: 4/9
  2427 | D:3      | Learned a level 4 spell: Iskenderun's Mystic Blast
  2496 | D:3      | Noticed Natasha
  2504 | D:3      | Killed Natasha
  3203 | D:4      | Noticed a phantom
  3228 | D:4      | Killed a phantom
  3229 | D:4      | Reached skill level 3 in Spellcasting
  3229 | D:4      | Reached XP level 6. HP: 32/36 MP: 0/10
  3546 | D:4      | Noticed a black bear
  3625 | D:4      | Killed a black bear
  3626 | D:4      | Reached XP level 7. HP: 37/42 MP: 2/12
  3901 | D:4      | Found Cuczyt's Antique Armour Boutique.
  4046 | D:4      | Learned a level 2 spell: Blink
  4188 | D:4      | Reached skill level 1 in Fighting
  4271 | D:5      | Entered Level 5 of the Dungeon
  4331 | D:5      | Reached skill level 5 in Stealth
  4457 | D:5      | Reached skill level 4 in Spellcasting
  4525 | D:5      | Found a shimmering blue altar of Sif Muna.
  4577 | D:5      | Became a worshipper of Sif Muna the Loreminder
  4650 | D:5      | Reached XP level 8. HP: 50/50 MP: 9/14
  4733 | D:5      | Reached skill level 1 in Invocations
  4984 | D:5      | Noticed Menkaure
  5302 | D:5      | Killed Menkaure
  5502 | D:6      | Noticed a shadow
  5510 | D:6      | Killed a shadow
  5549 | D:6      | Found a glowing silver altar of Zin.
  5684 | D:6      | Reached skill level 5 in Spellcasting
  5710 | D:6      | Found an opulent altar of Gozag.
  5718 | D:6      | Reached * piety under Sif Muna
  5762 | D:6      | Reached XP level 9. HP: 55/55 MP: 3/16
  5833 | D:6      | Found a sand-covered staircase.
  5842 | Ossuary  | Entered an ossuary
  6580 | Ossuary  | Reached ** piety under Sif Muna
  6821 | D:6      | Learned a level 4 spell: Fulminant Prism
  6831 | D:6      | Reached skill level 5 in Dodging
  6990 | D:6      | Found a bloodstained altar of Trog.
  7652 | D:6      | Reached skill level 6 in Spellcasting
  7920 | D:7      | Learned a level 2 spell: Momentum Strike
  8141 | D:7      | Found a staircase to the Ecumenical Temple.
  8515 | D:7      | Reached skill level 7 in Spellcasting
  8569 | D:7      | Reached XP level 10. HP: 34/62 MP: 14/20
  8894 | D:8      | Noticed Maggie
  8908 | D:8      | Killed Maggie
  9115 | D:8      | Reached skill level 1 in Throwing
  9121 | D:8      | Found an ornate altar of the Wu Jian Council.
  9481 | D:8      | Reached skill level 1 in Alchemy
  9482 | D:8      | Reached skill level 8 in Spellcasting
  9482 | D:8      | Reached skill level 1 in Translocations
 10488 | D:9      | Reached *** piety under Sif Muna
 10489 | D:9      | Reached skill level 5 in Invocations
 10858 | D:9      | Noticed a two-headed ogre
 10881 | D:9      | Killed a two-headed ogre
 11201 | D:10     | Entered Level 10 of the Dungeon
 11335 | D:10     | Reached skill level 9 in Spellcasting
 11340 | D:10     | Mangled by a shadow

Illustrated notes

Levels and vault maps discovered:
D:1:      onia_arrival_zoo_common, layout_basic, minmay_misc_feat_five,
          minmay_tromino_v4_b
D:2:      layout_loops_ring, basic_altar, roderic_roman_lattice
D:3:      layout_basic, uniq_natasha
D:4:      layout_basic, serial_shops, nicolae_shop_window_shopping
D:5:      layout_loops_ring, led_sif_pool, uniq_menkaure
D:6:      cheibrodos_two_vegetables, layout_basic, mainiacjoe_overflow_catwalk,
          trog_butcher_becter, mainiacjoe_overflow_24_doors,
          nicolae_ossuary_entry_ruins
D:7:      layout_gridville, minmay_temple_entry_mist
D:8:      layout_gridville, nzn_wu_jian_council_hall, serial_co_window_serial,
          co_window_paths_a, co_window_of_opportunity_a, co_window_paths_b,
          co_window_corner_a, co_window_paths_a, co_window_corner_a,
          co_window_of_opportunity_b, co_window_of_opportunity_b,
          co_window_2corner, co_window_corner_ca, co_window_2corner,
          co_window_2corner, co_window_corner_b, glass_columns_a,
          glass_columns_a, glass_columns_a, glass_columns_c, glass_columns_a,
          uniq_maggie
D:9:      layout_loops_ring
D:10:     layout_layer_cave, nicolae_ru_great_annihilating_truth,
          lair_entry_dummy, david_orc_1_choice, serial_undead, serial_undead_f,
          serial_undead_b, serial_undead_b, serial_undead_d,
          kennysheep_generic_room_5

Skill      XL: |  1  2  3  4  5  6  7  8  9 10 |
---------------+-------------------------------+-----
Stealth        | 3 4 5 6 8 |  8.7
Conjurations   | 5 6 7 |  7.8
Short Blades   | 1 2 3 |  3.6
Dodging        | 3 4 5 |  5.6
Spellcasting   | 3 4 5 7 9 |  9.0
Fighting       | 2 3 |  3.4
Invocations    | 3 4 5 |  5.0
Throwing       | 1 |  1.1
Alchemy        | 2 |  2.7
Translocations | 1 |  1.7
Staves         | |  0.2

Action                     |  1- 3 |  4- 6 |  7- 9 | 10-12 || total
---------------------------+-------+-------+-------+-------++-------
  Melee: Staff             |    14 |       |    10 |     4 ||    28
         Constrict         |     5 |    11 |     9 |       ||    25
         Unarmed           |     1 |       |       |       ||     1
         Tentacles         |     4 |     3 |    15 |     3 ||    25
         Dagger            |     1 |    44 |    35 |     5 ||    85
  Throw: Dart              |       |       |     1 |       ||     1
   Cast: Magic Dart        |    54 |     4 |       |       ||    58
         Searing Ray       |     1 |    21 |    80 |    22 ||   124
         Blink             |       |       |     2 |       ||     2
         Fulminant Prism   |       |       |     5 |    14 ||    19
         Iskenderun's Myst |       |       |     3 |     4 ||     7
         Momentum Strike   |       |       |     1 |     2 ||     3
  Evoke: Wand              |       |       |       |     2 ||     2
    Use: Potion            |       |       |       |     1 ||     1
   Stab: Sleeping          |     1 |     2 |    10 |     1 ||    14
 Armour: Skin              |     9 |    26 |    46 |    33 ||   114
  Dodge: Dodged            |    12 |    47 |   122 |    39 ||   220
